[Event "December 12 Late 2023"]
[Site "https://www.chess.com"]
[Date "2023.12.12"]
[Round "8"]
[White "Kniazev, Igor"]
[Black "youngdinousaur"]
[Result "0-1"]
[Board "106"]
[TimeControl "180+1"]
[WhiteFideId "4136349"]
[WhiteElo "2121"]
[BlackElo "2251"]
[WhiteTeam "RUS"]
[WhiteClock "0:00:04"]
[BlackClock "0:00:21"]

1. e4 c5 2. Nf3 e6 3. c3 Nc6 4. d4 d5 5. exd5 Qxd5 6. Be2 Nf6 7. O-O Be7 8. Na3 cxd4 9. Bc4 Qd8 10. Nb5 dxc3 11. Qxd8+ Bxd8 12. Nd6+ Ke7 13. Rd1 Bc7 14. Nxc8+ Raxc8 15. bxc3 Rhd8 16. Ba3+ Ke8 17. Bb5 Rxd1+ 18. Rxd1 Rd8 19. Rxd8+ Kxd8 20. Nd4 Nxd4 21. cxd4 Bb6 22. Bb2 Nd5 23. Kf1 a6 24. Bd3 g6 25. a3 Kd7 26. g3 f5 27. Ke2 Kd6 28. f4 Ba7 29. a4 Nc7 30. Bc4 b5 31. Ba3+ Kd7 32. axb5 axb5 33. Bb3 Bxd4 34. h3 Nd5 35. Kf3 Kc6 36. g4 Bc5 37. Bb2 Bd6 38. Bc1 b4 39. h4 Kc5 40. gxf5 gxf5 41. Be3+ Nxe3 42. Kxe3 e5 43. fxe5 Bxe5 44. h5 h6 45. Bf7 Kb5 46. Bb3 Kb6 47. Kf3 Kc5 48. Ke3 Kd6 49. Kd3 Ke7 50. Ke3 Kf6 51. Kf3 Kg5 52. Bf7 Kh4 53. Kg2 Kg4 54. Kf2 Kf4 55. Ke2 Ke4 56. Bb3 Kd4 57. Bc2 f4 58. Kd2 f3 59. Bb3 Bf4+ 60. Ke1 Bg3+ 61. Kf1 Kc3 62. Bd5 f2 63. Be4 b3 64. Kg2 Bh4 65. Bf5 b2 66. Bb1 Kd2 67. Kf1 Kc1 68. Be4 b1=Q 69. Bxb1 Kxb1 70. Ke2 Kc2 71. Kf1 Kd1 72. Kg2 Ke1 73. Kh2 Bg3+ 74. Kxg3 f1=Q 75. Kg4 Qf6 76. Kg3 Ke2 0-1

[Event "December 12 Late 2023"]
[Site "https://www.chess.com"]
[Date "2023.12.12"]
[Round "8"]
[White "De Lima, Valdenicio Marcelino"]
[Black "Stead, Kerry"]
[Result "1-0"]
[Board "107"]
[TimeControl "180+1"]
[WhiteFideId "2132044"]
[BlackFideId "3202577"]
[WhiteElo "2241"]
[BlackElo "2081"]
[WhiteTeam "BRA"]
[BlackTeam "AUS"]
[WhiteClock "0:01:43"]
[BlackClock "0:01:46"]

1. Nf3 d5 2. d4 c5 3. e3 Nc6 4. Be2 Bg4 5. h3 Bxf3 6. Bxf3 e6 7. O-O Rb8 8. c4 cxd4 9. cxd5 exd5 10. exd4 Bb4 11. Nc3 Nge7 12. Re1 O-O 13. Bg5 h6 14. Bh4 g5 15. Bg3 Rc8 16. Be5 Nxe5 17. Rxe5 Bxc3 18. bxc3 Rxc3 19. Qe1 Ng6 20. Qxc3 Nxe5 21. dxe5 Re8 22. Rd1 Qb6 23. Rxd5 1-0

[Event "December 12 Late 2023"]
[Site "https://www.chess.com"]
[Date "2023.12.12"]
[Round "8"]
[White "Wang, Alexander J"]
[Black "Reinecke, Katharina"]
[Result "1/2-1/2"]
[Board "108"]
[TimeControl "180+1"]
[WhiteFideId "30955270"]
[BlackFideId "12929727"]
[WhiteElo "2222"]
[BlackElo "2017"]
[WhiteTeam "USA"]
[BlackTeam "GER"]
[WhiteClock "0:00:03"]
[BlackClock "0:00:27"]

1. e4 c6 2. d4 d5 3. f3 e6 4. Nc3 Nf6 5. Be3 Be7 6. Nge2 O-O 7. h3 b6 8. g3 Bb7 9. Bg2 c5 10. O-O cxd4 11. Nxd4 dxe4 12. fxe4 Nc6 13. Nde2 Ne5 14. Bf4 Nc4 15. b3 e5 16. Bc1 Bc5+ 17. Kh2 Qxd1 18. Rxd1 Ne3 19. Bxe3 Bxe3 20. Rd3 Bc5 21. Rad1 Rac8 22. Nd5 Nxd5 23. exd5 Ba6 24. c4 b5 25. Rc1 bxc4 26. bxc4 Bb4 27. Rb3 Bxc4 28. Rxb4 Bxe2 29. Rxc8 Rxc8 30. d6 a6 31. d7 Rd8 32. Re4 Bb5 33. Rxe5 Bxd7 34. Rd5 Kf8 35. Rd2 Ke7 36. Re2+ Be6 37. Rc2 Rd7 38. Rb2 Rc7 39. Rb7 Rxb7 40. Bxb7 Bxa2 41. Bxa6 Bd5 42. Kg1 f6 43. Kf2 h6 44. Ke3 Be6 45. h4 Kf7 46. Bd3 g6 47. Kf4 g5+ 48. hxg5 hxg5+ 49. Kf3 f5 50. Kf2 Kf6 51. Be2 Bd5 52. Bd3 Be4 53. Be2 Ke5 54. Bc4 f4 55. gxf4+ gxf4 56. Bb5 Kf5 57. Ba6 Kg4 58. Bb5 f3 59. Ba6 Kf4 60. Bb5 Bd5 61. Ba6 Bc6 62. Bc4 Bd5 63. Bxd5 Ke5 64. Bxf3 1/2-1/2

[Event "December 12 Late 2023"]
[Site "https://www.chess.com"]
[Date "2023.12.12"]
[Round "8"]
[White "Floresvillar Gonzalez, Luis Migu"]
[Black "Burke, Paul"]
[Result "1/2-1/2"]
[Board "109"]
[TimeControl "180+1"]
[WhiteFideId "5100542"]
[BlackFideId "2605767"]
[WhiteElo "2219"]
[BlackElo "1851"]
[WhiteTeam "MEX"]
[BlackTeam "CAN"]
[WhiteClock "0:00:37"]
[BlackClock "0:00:17"]

1. e4 a6 2. Nf3 d6 3. Bc4 e6 4. d4 h6 5. c3 g6 6. a3 Bg7 7. h4 Ne7 8. h5 g5 9. Nbd2 d5 10. Bd3 dxe4 11. Nxe4 f5 12. Nexg5 hxg5 13. Bxg5 O-O 14. h6 Bf6 15. h7+ Kh8 16. Qe2 Nbc6 17. O-O-O Qd5 18. Rh6 Bg7 19. Rh2 b5 20. Rdh1 Bd7 21. Ne5 Nxe5 22. Bxe7 Nxd3+ 23. Qxd3 Rf7 24. Bc5 e5 25. f3 Be6 26. Rh4 Rd8 27. Rd1 Rfd7 28. Bb4 Qa2 29. Qb1 Qb3 30. Qc2 Qa2 31. Qb1 Qb3 32. Qc2 Qa2 33. Qb1 1/2-1/2

[Event "December 12 Late 2023"]
[Site "https://www.chess.com"]
[Date "2023.12.12"]
[Round "8"]
[White "Vargas, Mauricio"]
[Black "Clarke, Matthew"]
[Result "0-1"]
[Board "110"]
[TimeControl "180+1"]
[WhiteFideId "4404572"]
[BlackFideId "3227804"]
[WhiteElo "1832"]
[BlackElo "2219"]
[WhiteTeam "COL"]
[BlackTeam "AUS"]
[WhiteClock "0:00:00"]
[BlackClock "0:00:32"]

1. e4 e5 2. Nf3 Nc6 3. d4 exd4 4. Bc4 Nf6 5. e5 d5 6. Bb5 Ne4 7. Nxd4 Bd7 8. Bxc6 bxc6 9. O-O Bc5 10. c3 O-O 11. f3 Ng5 12. f4 Ne4 13. Nd2 Nxd2 14. Bxd2 f6 15. Kh1 fxe5 16. fxe5 Qh4 17. e6 Bxd4 18. exd7 Be5 19. Rxf8+ Rxf8 20. Qg1 Qg4 21. Re1 Bd6 22. Re8 Qxd7 23. Rxf8+ Kxf8 24. Qxa7 Qf5 25. Qa8+ Ke7 26. Qa7 c5 27. Qa6 Qb1+ 0-1

[Event "December 12 Late 2023"]
[Site "https://www.chess.com"]
[Date "2023.12.12"]
[Round "8"]
[White "Omariev, Maksim"]
[Black "Dubreuil, Julien"]
[Result "0-1"]
[Board "111"]
[TimeControl "180+1"]
[WhiteFideId "4193423"]
[BlackFideId "621285"]
[WhiteElo "2453"]
[BlackElo "2295"]
[WhiteTeam "RUS"]
[BlackTeam "FRA"]
[WhiteClock "0:00:05"]
[BlackClock "0:01:01"]

1. g4 d5 2. Bg2 Bxg4 3. c4 c6 4. Qb3 Nf6 5. Qxb7 Nbd7 6. Nc3 e6 7. Qxc6 Rc8 8. Qa6 Rxc4 9. b3 Rc8 10. Ba3 Bxa3 11. Qxa3 Qb6 12. h3 Bf5 13. Na4 Qa5 14. Nf3 Ne4 15. O-O f6 16. Nd4 Qxd2 17. Nxf5 exf5 18. Rad1 Qa5 19. Rd4 Kf7 20. Rfd1 Nb6 21. Qb2 Rhd8 22. Nxb6 axb6 23. b4 Qb5 24. Qb3 Rc3 25. Qb2 Rc4 26. Rxc4 Qxc4 27. Rd4 Qc3 28. Qxc3 Nxc3 29. Kf1 Ke6 30. a3 Ne4 31. Rd3 Rc8 32. f3 Rc1+ 33. Rd1 Rxd1# 0-1

[Event "December 12 Late 2023"]
[Site "https://www.chess.com"]
[Date "2023.12.12"]
[Round "8"]
[White "Su, Dion"]
[Black "Zampronha, Wladimir Camilo"]
[Result "0-1"]
[Board "112"]
[TimeControl "180+1"]
[WhiteFideId "2029731"]
[BlackFideId "2103087"]
[WhiteElo "2363"]
[BlackElo "2339"]
[WhiteTeam "USA"]
[BlackTeam "BRA"]
[WhiteClock "0:00:00"]
[BlackClock "0:00:04"]

1. e4 c5 2. Nf3 e6 3. d4 cxd4 4. Nxd4 Nc6 5. Nc3 Qc7 6. Ndb5 Qb8 7. g3 a6 8. Nd4 Nf6 9. Bg2 Be7 10. O-O O-O 11. a4 Qc7 12. Bf4 e5 13. Nxc6 bxc6 14. Bg5 Rb8 15. Rb1 d6 16. h3 h6 17. Be3 Rd8 18. Qd2 Be6 19. f4 exf4 20. gxf4 d5 21. e5 Ne4 22. Nxe4 dxe4 23. Qf2 Bf5 24. c3 Qa5 25. b4 Qxa4 26. Ra1 Qb3 27. Rfc1 Rd3 28. Rxa6 Rxc3 29. Rxc6 Rxc6 30. Rxc6 Qxb4 31. Kh2 Qb3 32. Qd2 Bb4 33. Qd4 Qd3 34. Qa7 Rd8 35. Rc7 Rf8 36. Rb7 Bd2 37. Bxd2 Qxd2 38. Kg3 Qd3+ 39. Kh2 e3 40. e6 Bxe6 41. Rb2 e2 42. Qf2 Bc4 43. Bf3 Qf5 44. Bxe2 Re8 45. Bg4 Qf6 46. Rd2 g6 47. Bd1 h5 48. Bc2 Rc8 49. Be4 Rd8 50. Re2 Rf8 51. Rd2 Be6 52. Kg3 Bf5 0-1

[Event "December 12 Late 2023"]
[Site "https://www.chess.com"]
[Date "2023.12.12"]
[Round "8"]
[White "Kostiukov, Alexandr"]
[Black "Harrington, Steve"]
[Result "0-1"]
[Board "113"]
[TimeControl "180+1"]
[WhiteFideId "14108100"]
[BlackFideId "2038730"]
[WhiteElo "2344"]
[BlackElo "2121"]
[WhiteTeam "UKR"]
[BlackTeam "USA"]
[WhiteClock "0:00:00"]
[BlackClock "0:00:18"]

1. g3 d5 2. Bg2 Nc6 3. d3 Bg4 4. h3 Bh5 5. g4 Bg6 6. f4 f6 7. f5 Bf7 8. Nf3 g6 9. e4 dxe4 10. dxe4 Qxd1+ 11. Kxd1 O-O-O+ 12. Nbd2 e6 13. fxe6 Bxe6 14. Ke2 h5 15. g5 h4 16. c3 Be7 17. Nb3 Bc4+ 18. Kf2 Rh5 19. gxf6 Nxf6 20. Re1 Nd7 21. Nbd4 Nde5 22. Nxc6 Nxc6 23. Bf4 Rf8 24. Be3 Ne5 25. Red1 g5 26. Rd4 g4 27. hxg4 Nxg4+ 28. Kg1 Nxe3 29. Bh3+ Kb8 30. Kf2 Bc5 31. Kxe3 Rd8 32. Rg1 Rhh8 33. b3 Ba6 34. Rg5 Bb6 35. Rg4 c6 36. Kd2 Bxd4 37. cxd4 b6 38. Ke3 Bc8 39. e5 Bxg4 40. Bxg4 h3 41. Nh2 Rdg8 42. Kf4 Kc7 43. Bf3 Rh4+ 0-1

[Event "December 12 Late 2023"]
[Site "https://www.chess.com"]
[Date "2023.12.12"]
[Round "8"]
[White "Mazzilli, Piero"]
[Black "Oliveira, Tiago Batista"]
[Result "1-0"]
[Board "114"]
[TimeControl "180+1"]
[WhiteFideId "807087"]
[BlackFideId "2108291"]
[WhiteElo "2294"]
[BlackElo "2078"]
[WhiteTeam "ITA"]
[BlackTeam "BRA"]
[WhiteClock "0:00:28"]
[BlackClock "0:00:00"]

1. d4 Nf6 2. Nc3 d5 3. Bg5 c6 4. e3 Nbd7 5. f4 e6 6. Nf3 Be7 7. Bd3 h6 8. Bh4 c5 9. O-O c4 10. Be2 a6 11. Ne5 O-O 12. b3 cxb3 13. axb3 Ne8 14. Bxe7 Qxe7 15. Na4 Nd6 16. Bd3 Nf6 17. c4 Nde4 18. c5 Bd7 19. Nb6 Rad8 20. Bxe4 dxe4 21. Nbxd7 Nxd7 22. Qc2 Nf6 23. c6 Rc8 24. Rfc1 bxc6 25. Rxa6 c5 26. dxc5 Nd5 27. Qxe4 Rxc5 28. Rxc5 Qxc5 29. Nc4 Rb8 30. h3 g6 31. Qe5 Rc8 32. Kh2 Qe7 33. Qd6 Qb7 34. Na5 Qa8 35. Rxa8 Rxa8 36. b4 Nxe3 37. b5 Nf5 38. Qc7 1-0

[Event "December 12 Late 2023"]
[Site "https://www.chess.com"]
[Date "2023.12.12"]
[Round "8"]
[White "Desideri, Ricardo Maruchi"]
[Black "Hernandez Jimenez, Alexander Andres"]
[Result "0-1"]
[Board "115"]
[TimeControl "180+1"]
[WhiteFideId "2110440"]
[BlackFideId "3900452"]
[WhiteElo "2008"]
[BlackElo "2243"]
[WhiteTeam "BRA"]
[BlackTeam "VEN"]
[WhiteClock "0:00:03"]
[BlackClock "0:00:41"]

1. e4 c6 2. d4 d5 3. e5 Bf5 4. h4 h6 5. g4 Be4 6. f3 Bh7 7. e6 fxe6 8. Bd3 Nf6 9. Bxh7 Nxh7 10. Qd3 Qc7 11. Ne2 Nd7 12. Qg6+ Kd8 13. Bf4 e5 14. dxe5 Nxe5 15. Bxe5 Qxe5 16. Nc3 Nf6 17. Qd3 Kc7 18. O-O-O e6 19. f4 Qd6 20. g5 hxg5 21. hxg5 Rxh1 22. Rxh1 Nd7 23. Nd4 Qxf4+ 24. Kb1 Nc5 25. Qd1 Re8 26. Rh8 e5 27. Ndb5+ Kb8 28. Nd6 Rd8 29. a3 Rxd6 0-1

[Event "December 12 Late 2023"]
[Site "https://www.chess.com"]
[Date "2023.12.12"]
[Round "8"]
[White "Gulamirian, Korun"]
[Black "Dilmukhametov, Artur"]
[Result "0-1"]
[Board "116"]
[TimeControl "180+1"]
[WhiteFideId "4144899"]
[BlackFideId "24179922"]
[WhiteElo "2010"]
[BlackElo "2356"]
[WhiteTeam "RUS"]
[BlackTeam "RUS"]
[WhiteClock "0:00:00"]
[BlackClock "0:00:52"]

1. e4 c6 2. Nc3 d5 3. Nf3 Bg4 4. h3 Bxf3 5. Qxf3 e6 6. exd5 cxd5 7. d4 Nc6 8. Bb5 Nf6 9. O-O Be7 10. a3 O-O 11. Bxc6 bxc6 12. b4 a5 13. b5 Qb6 14. bxc6 Qxd4 15. Bb2 Qc5 16. Ne2 Qxc2 17. Bxf6 Bxf6 18. Rac1 Qa4 19. Rfd1 Rfc8 20. c7 Qd7 21. Ng3 Rxc7 22. Ne4 Be5 23. Nc5 Qd6 24. Ne4 dxe4 25. Rxc7 exf3 26. Rxd6 Bxd6 27. Rc3 fxg2 28. Kxg2 g6 29. h4 h5 30. Kf3 Kg7 31. Ke4 Be7 32. f4 Bxh4 33. a4 Rb8 34. Rc4 Rb4 0-1

[Event "December 12 Late 2023"]
[Site "https://www.chess.com"]
[Date "2023.12.12"]
[Round "9"]
[White "Bluebaum, Matthias"]
[Black "Dubov, Daniil"]
[Result "1/2-1/2"]
[Board "1"]
[TimeControl "180+1"]
[WhiteFideId "24651516"]
[BlackFideId "24126055"]
[WhiteElo "3062"]
[BlackElo "3132"]
[WhiteTeam "GER"]
[BlackTeam "RUS"]
[WhiteClock "0:00:10"]
[BlackClock "0:00:16"]

1. d4 Nf6 2. c4 g6 3. Nc3 Bg7 4. e4 d6 5. Nf3 O-O 6. Be2 Re8 7. Be3 Nc6 8. d5 Nb4 9. O-O e6 10. dxe6 Bxe6 11. Nd4 Bd7 12. f3 c6 13. Qd2 d5 14. a3 c5 15. axb4 cxd4 16. Bxd4 dxe4 17. fxe4 Bc6 18. Rad1 Nxe4 19. Nxe4 Qxd4+ 20. Qxd4 Bxd4+ 21. Rxd4 Rxe4 22. Rxe4 Bxe4 23. Rd1 Re8 24. Bf3 Bxf3 25. gxf3 Re3 26. Rd7 b6 27. c5 Re1+ 28. Kf2 Rc1 29. Rxa7 bxc5 30. bxc5 Rxc5 31. Rb7 Rc2+ 32. Kg3 Kg7 33. b4 Rb2 34. h4 Kf6 35. b5 Rb4 36. b6 Ke6 37. Rb8 h5 38. b7 Kf5 39. Ra8 Rxb7 40. Ra5+ Kf6 41. Ra6+ Kg7 42. Ra5 Rb6 43. Ra7 Kf6 44. Ra5 Ke6 45. Rc5 Rd6 46. Ra5 Rd5 47. Ra6+ Kf5 48. Ra7 Kf6 49. Ra6+ Ke5 50. Ra7 f6 51. Ra6 Kf5 52. Rb6 g5 53. Ra6 g4 54. Ra3 Re5 55. Rb3 Rd5 56. Ra3 Rc5 57. Rb3 Rd5 58. Ra3 1/2-1/2

[Event "December 12 Late 2023"]
[Site "https://www.chess.com"]
[Date "2023.12.12"]
[Round "9"]
[White "Sarana, Alexey"]
[Black "Andreikin, Dmitry"]
[Result "0-1"]
[Board "2"]
[TimeControl "180+1"]
[WhiteFideId "24133795"]
[BlackFideId "4158814"]
[WhiteElo "3057"]
[BlackElo "3117"]
[WhiteTeam "SRB"]
[BlackTeam "FID"]
[WhiteClock "0:00:03"]
[BlackClock "0:00:08"]

1. d4 d5 2. c4 e6 3. Nc3 Nf6 4. Bg5 Be7 5. e3 Nbd7 6. Qc2 h6 7. Bh4 O-O 8. cxd5 exd5 9. Bd3 c6 10. Nf3 Nh5 11. Bxe7 Qxe7 12. O-O Re8 13. Rab1 a5 14. a3 Nhf6 15. b4 axb4 16. axb4 Nb6 17. Ne5 Ng4 18. Nf3 Nf6 19. h3 Be6 20. Rfc1 Nfd7 21. Ne2 Nc4 22. Bxc4 dxc4 23. b5 c5 24. Nf4 Nb6 25. Nxe6 fxe6 26. Qe4 Rec8 27. Ne5 cxd4 28. Qxd4 Qc5 29. Qf4 Rf8 30. Qg3 Rac8 31. Nf3 Rfd8 32. Nd4 Qd5 33. Qg4 Rd6 34. Rd1 Qe5 35. Rbc1 Rc5 36. Rd2 c3 37. Rd3 Nd5 38. Nf3 Qf5 39. Qd4 Rxb5 40. e4 Qf4 41. Re1 c2 42. Qc4 Rc6 43. Qxb5 c1=Q 44. exd5 Qxf3 45. Rxc1 Rxc1+ 46. Kh2 Qxf2 47. Qe8+ Kh7 48. Qxe6 Qg1+ 49. Kg3 Rf1 50. Qe4+ Kh8 51. Qe8+ Kh7 52. Qe4+ Kh8 53. Rd2 Qc5 54. d6 Qg5+ 55. Kh2 Qxd2 56. Qe8+ Kh7 57. Qe4+ Kg8 58. Qc4+ Rf7 59. Qe6 Qd4 60. Kh1 Qd1+ 61. Kh2 Qd2 62. Qe8+ Rf8 63. Qe6+ Kh8 64. Qe7 Qf4+ 65. Kh1 Qf6 66. Qc7 Rd8 67. d7 Qe7 68. Qxb7 Qxd7 69. Qf3 Qd1+ 70. Qxd1 Rxd1+ 71. Kh2 Rd2 0-1

[Event "December 12 Late 2023"]
[Site "https://www.chess.com"]
[Date "2023.12.12"]
[Round "9"]
[White "Salem, A.R. Saleh"]
[Black "Lazavik, Denis"]
[Result "0-1"]
[Board "3"]
[TimeControl "180+1"]
[WhiteFideId "9301348"]
[BlackFideId "13515110"]
[WhiteElo "3029"]
[BlackElo "3071"]
[WhiteTeam "UAE"]
[BlackTeam "BLR"]
[WhiteClock "0:00:03"]
[BlackClock "0:00:36"]

1. d4 Nf6 2. c4 e6 3. Nc3 Bb4 4. e3 O-O 5. Bd3 d5 6. Nf3 b6 7. O-O Ba6 8. cxd5 exd5 9. Bxa6 Nxa6 10. Bd2 Qc8 11. Ne5 Qb7 12. f4 c5 13. Be1 Bxc3 14. bxc3 Ne4 15. f5 f6 16. Nd3 c4 17. Nf4 Nc7 18. Qg4 Rae8 19. Rf3 Qc6 20. a4 Qd7 21. Rh3 Nd6 22. Rh5 Rxe3 23. Bg3 g5 24. Nh3 Re4 25. Qd1 Nxf5 26. Nf2 Nxg3 27. hxg3 Re3 28. Ng4 Rxg3 29. Nh6+ Kg7 30. Qc2 Rd3 31. Rf1 Kg6 32. Qe2 Qe6 33. Nf5 Qxe2 34. Rh6+ Kf7 35. Rxh7+ 0-1

[Event "December 12 Late 2023"]
[Site "https://www.chess.com"]
[Date "2023.12.12"]
[Round "9"]
[White "Nihal Sarin"]
[Black "Hakobyan, Aram"]
[Result "0-1"]
[Board "4"]
[TimeControl "180+1"]
[WhiteFideId "25092340"]
[BlackFideId "13306677"]
[WhiteElo "3145"]
[BlackElo "3024"]
[WhiteTeam "IND"]
[BlackTeam "ARM"]
[WhiteClock "0:00:00"]
[BlackClock "0:00:05"]

1. Nf3 d5 2. g3 Nf6 3. Bg2 e6 4. O-O Be7 5. d4 O-O 6. c4 dxc4 7. Ne5 Nc6 8. Bxc6 bxc6 9. Nxc6 Qe8 10. Nxe7+ Qxe7 11. Be3 Nd5 12. Qc1 a5 13. Nd2 Ba6 14. Nxc4 a4 15. Bd2 c5 16. e4 Nf6 17. Bg5 h6 18. Bxf6 Qxf6 19. dxc5 Qd4 20. b3 Qxc5 21. Qc3 Rfd8 22. Rfd1 Rac8 23. Rxd8+ Rxd8 24. Rc1 axb3 25. axb3 Bb7 26. Qe1 Qh5 27. Qe3 Rd1+ 28. Rxd1 Qxd1+ 29. Kg2 f5 30. f3 fxe4 31. fxe4 Qc2+ 32. Nd2 Bxe4+ 33. Qxe4 Qxd2+ 34. Kh3 Qd7 35. b4 e5+ 36. Kg2 Qd2+ 37. Kf3 Qd1+ 38. Kg2 Qd2+ 39. Kh3 Qd7+ 40. g4 Qd1 41. Kg3 Qg1+ 42. Kh3 Qf1+ 43. Kh4 Qf2+ 44. Kh5 Qf7+ 45. Qg6 Qd5 46. Qe8+ Kh7 47. Qg6+ Kg8 48. Qf5 Qb5 49. Qe6+ Kh7 50. Qf5+ Kg8 51. Qe4 Qe8+ 52. Kh4 Qd8+ 53. Kg3 Qd1 54. Qc4+ Kh8 55. b5 Qe1+ 56. Kf3 e4+ 57. Kf4 e3 58. Qc8+ Kh7 59. Qc2+ Kh8 60. Qc8+ Kh7 61. Qc2+ Kh8 62. Qd3 Qf2+ 63. Ke4 e2 0-1

[Event "December 12 Late 2023"]
[Site "https://www.chess.com"]
[Date "2023.12.12"]
[Round "9"]
[White "Martinez Alcantara, Jose Eduardo"]
[Black "Tari, Aryan"]
[Result "0-1"]
[Board "5"]
[TimeControl "180+1"]
[WhiteFideId "3805662"]
[BlackFideId "1510045"]
[WhiteElo "3064"]
[BlackElo "2883"]
[WhiteTeam "PER"]
[BlackTeam "NOR"]
[WhiteClock "0:00:03"]
[BlackClock "0:00:30"]

1. e4 e5 2. Nf3 Nc6 3. Nc3 Nf6 4. h3 d5 5. Bb5 Nxe4 6. O-O Qd6 7. d4 Nxc3 8. bxc3 e4 9. Ne5 Be7 10. Bf4 Qf6 11. Qd2 O-O 12. f3 Nxe5 13. Bxe5 Qg6 14. fxe4 dxe4 15. Qe3 c6 16. Be2 Be6 17. a4 Rad8 18. a5 Bg5 19. Bf4 Bxf4 20. Rxf4 f5 21. Rff1 Qf7 22. Rab1 Qc7 23. c4 Rd7 24. c3 f4 25. Qf2 f3 26. Bd1 Rdf7 27. Re1 Bxc4 28. g3 Bd3 29. Bb3 Bxb1 30. Rxb1 Kh8 31. Bxf7 Rxf7 32. Re1 Qe7 33. Kh2 h6 34. Qe3 f2 35. Rf1 Rf3 36. Qe2 Qd6 37. Qxf2 Rxf2+ 38. Rxf2 e3 39. Rf8+ Qxf8 40. h4 e2 41. h5 Qf3 42. Kh3 e1=Q 0-1

[Event "December 12 Late 2023"]
[Site "https://www.chess.com"]
[Date "2023.12.12"]
[Round "9"]
[White "Melkumyan, Hrant"]
[Black "Kazakouski, Valery"]
[Result "1-0"]
[Board "6"]
[TimeControl "180+1"]
[WhiteFideId "13302485"]
[BlackFideId "13507443"]
[WhiteElo "2928"]
[BlackElo "2839"]
[WhiteTeam "ARM"]
[BlackTeam "LTU"]
[WhiteClock "0:00:10"]
[BlackClock "0:00:05"]

1. Nf3 d5 2. d4 Nf6 3. c4 c6 4. e3 Bf5 5. Bd3 Bxd3 6. Qxd3 Qa5+ 7. Nbd2 e6 8. O-O Nbd7 9. e4 dxe4 10. Nxe4 Be7 11. Re1 Nxe4 12. Qxe4 Nf6 13. Qf4 O-O 14. Bd2 Qa6 15. b3 Rfd8 16. a4 h6 17. Qg3 Kf8 18. Qh3 Qb6 19. Rab1 Bb4 20. Bxb4+ Qxb4 21. Qh4 c5 22. dxc5 a5 23. h3 Qxc5 24. Ne5 Rd4 25. Qg3 Rad8 26. Nf3 Rd3 27. Qe5 Qxe5 28. Rxe5 b6 29. Rb5 Nd7 30. Re1 Nc5 31. Rb1 Rd1+ 32. Rxd1 Rxd1+ 33. Kh2 Rd3 34. Rxb6 Rxb3 35. Rc6 Nxa4 36. Ne5 Rb7 37. Ra6 f6 38. Rxa5 Nb2 39. Rb5 Rc7 40. Rxb2 fxe5 41. Rc2 Ke7 42. Kg3 Kd6 43. Kf3 Kc5 44. Ke4 Kd6 45. c5+ Ke7 46. Kxe5 Rc6 47. f4 Kf7 48. g4 g6 49. h4 Ke7 50. Kd4 Kf6 51. Rb2 g5 52. fxg5+ hxg5 53. h5 Rc7 54. Rf2+ Ke7 55. Kc4 Rd7 56. h6 Rd1 57. Rh2 Rc1+ 58. Kb5 Kd7 59. h7 Rb1+ 60. Kc4 Rc1+ 61. Kd3 Rd1+ 62. Ke2 Rc1 63. h8=Q Rc2+ 64. Kd3 1-0

[Event "December 12 Late 2023"]
[Site "https://www.chess.com"]
[Date "2023.12.12"]
[Round "9"]
[White "Rasulov, Vugar"]
[Black "Duda, Jan-Krzysztof"]
[Result "0-1"]
[Board "7"]
[TimeControl "180+1"]
[WhiteFideId "13402390"]
[BlackFideId "1170546"]
[WhiteElo "2898"]
[BlackElo "3056"]
[WhiteTeam "AZE"]
[BlackTeam "POL"]
[WhiteClock "0:00:02"]
[BlackClock "0:00:06"]

1. e4 c5 2. c3 d5 3. exd5 Nf6 4. Nf3 Nxd5 5. Bc4 Nb6 6. Bb5+ Bd7 7. a4 e6 8. O-O Be7 9. d4 O-O 10. Ne5 Bxb5 11. axb5 cxd4 12. Qxd4 Qxd4 13. cxd4 N8d7 14. Nc3 Rfd8 15. Be3 Nf6 16. Ra2 Nfd5 17. Rfa1 Nc8 18. g3 Nb4 19. Ra4 f6 20. Nc4 Kf7 21. Na5 Rd7 22. Nb3 b6 23. Nd2 Rb8 24. Nc4 Rbb7 25. Kf1 Rbc7 26. b3 g5 27. Ke2 Nd5 28. Bd2 Nxc3+ 29. Bxc3 Rd5 30. Kd3 Rxb5 31. Rb1 Rf5 32. Ra2 Nd6 33. Ne3 Rb5 34. b4 f5 35. f3 h5 36. Bd2 g4 37. fxg4 hxg4 38. Rba1 Nc8 39. d5 Rd7 40. Ke2 Bxb4 41. Rc2 Bxd2 42. Rxd2 Re7 43. Kf2 Nd6 44. dxe6+ Kxe6 45. Ke2 a5 46. Rad1 Ne4 47. Rc2 Rc5 48. Rxc5 Nxc5 49. Rb1 Nd7 50. Nc4 Kd5+ 51. Kd3 Nc5+ 52. Kc3 Na4+ 53. Kd3 Kc6 54. Rc1 Re4 55. Nd2+ Nc5+ 56. Kc2 Re2 57. Kc3 Rxh2 58. Nc4 Rg2 59. Kd4 Rxg3 60. Ne5+ Kb7 61. Nc4 Nb3+ 0-1

[Event "December 12 Late 2023"]
[Site "https://www.chess.com"]
[Date "2023.12.12"]
[Round "9"]
[White "Yoo, Christopher Woojin"]
[Black "Kovalev, Vladislav"]
[Result "1-0"]
[Board "8"]
[TimeControl "180+1"]
[WhiteFideId "30909694"]
[BlackFideId "13504398"]
[WhiteElo "3004"]
[BlackElo "2889"]
[WhiteTeam "USA"]
[BlackTeam "FID"]
[WhiteClock "0:00:29"]
[BlackClock "0:00:00"]

1. e4 e5 2. Nf3 Nc6 3. Bb5 a6 4. Ba4 Nf6 5. d4 exd4 6. O-O Be7 7. e5 Ne4 8. Nxd4 Nxd4 9. Qxd4 Nc5 10. Nc3 O-O 11. Bb3 Nxb3 12. axb3 d6 13. Bf4 dxe5 14. Qxe5 Bd6 15. Qd4 Bxf4 16. Qxf4 Be6 17. Rfe1 Qd7 18. Rad1 Qc6 19. Rd3 Rfe8 20. h4 f6 21. Rde3 Bf7 22. Re7 h5 23. R1e3 Rxe7 24. Rxe7 Re8 25. Qxc7 Rxe7 26. Qxe7 b5 27. Qd8+ Kh7 28. Qd4 Bg6 29. b4 Bxc2 30. Qc5 Qe8 31. Nd5 Qe1+ 32. Kh2 Bg6 33. Qe3 Qd1 34. Nf4 Qd6 35. g3 Qxb4 36. Nxg6 Kxg6 37. Qe8+ Kh6 38. Qh8+ Kg6 39. Qe8+ Kh6 40. Qe3+ Kh7 41. Qd3+ g6 42. Qd7+ Kh6 43. Qc8 Kg7 44. Qb7+ Kg8 45. Qa8+ Kf7 46. Qb7+ Kg8 47. Qc8+ Kg7 48. Qc7+ Kh6 49. Qd8 g5 50. Qxf6+ Kh7 51. hxg5 Qe4 52. Qf7+ Kh8 53. g6 1-0

[Event "December 12 Late 2023"]
[Site "https://www.chess.com"]
[Date "2023.12.12"]
[Round "9"]
[White "Drygalov, Andrey"]
[Black "Kamsky, Gata"]
[Result "1-0"]
[Board "9"]
[TimeControl "180+1"]
[WhiteFideId "24171735"]
[BlackFideId "2000024"]
[WhiteElo "3000"]
[BlackElo "2865"]
[WhiteTeam "RUS"]
[BlackTeam "USA"]
[WhiteClock "0:00:52"]
[BlackClock "0:00:00"]

1. e4 c6 2. Nf3 d5 3. d3 Bg4 4. h3 Bxf3 5. Qxf3 e6 6. g3 Nf6 7. Bg2 Bc5 8. O-O Nbd7 9. Qe2 h5 10. Nd2 a5 11. e5 Ng8 12. c3 Ne7 13. d4 Ba7 14. Nf3 Nf5 15. h4 g6 16. Bh3 c5 17. Bxf5 gxf5 18. Bg5 Qb6 19. Rfe1 Qa6 20. Qd2 Bb6 21. a4 Bd8 22. b3 Qb6 23. Rab1 Bxg5 24. Nxg5 Rc8 25. c4 Qc6 26. dxc5 Nxc5 27. cxd5 Qxd5 28. Qxa5 Ne4 29. Qxd5 exd5 30. Nf3 Rg8 31. Rbd1 Nc3 32. Rd3 f4 33. Ng5 fxg3 34. fxg3 Rg7 35. Kg2 Ke7 36. Rc1 d4 37. Rxd4 Rgg8 38. Rf1 Rg7 39. Rdf4 1-0

[Event "December 12 Late 2023"]
[Site "https://www.chess.com"]
[Date "2023.12.12"]
[Round "9"]
[White "Smirnov, Anton"]
[Black "Gorovets, Andrey"]
[Result "1-0"]
[Board "10"]
[TimeControl "180+1"]
[WhiteFideId "3208923"]
[BlackFideId "13504037"]
[WhiteElo "2982"]
[BlackElo "2854"]
[WhiteTeam "AUS"]
[BlackTeam "BLR"]
[WhiteClock "0:00:42"]
[BlackClock "0:00:10"]

1. e4 c6 2. Nf3 d5 3. d3 g6 4. g3 Bg7 5. Qe2 Nd7 6. Bg2 e5 7. O-O Ne7 8. Re1 O-O 9. Nbd2 d4 10. h4 h6 11. Nh2 Qc7 12. a4 c5 13. Nc4 Nb6 14. b3 Nxc4 15. bxc4 Nc6 16. f4 exf4 17. gxf4 f5 18. h5 fxe4 19. Bxe4 g5 20. Kh1 gxf4 21. Rg1 Kh8 22. Ba3 Ne5 23. Qg2 Be6 24. Bxc5 f3 25. Nxf3 Rxf3 26. Bxf3 Nxf3 27. Qxf3 Qxc5 28. Rxg7 Kxg7 29. Rg1+ Kh7 30. Qxb7+ Kh8 31. Qg7# 1-0